woodfighter, chaotic female orcish Cavewoman ---------------------- |...............j...H.. |..................@... |..----..------------- |..|---..|------ ------- |..|....<|...`.| |.....| |..|.....|...`.| |.....| |..|..---|..|``| ----..| |.`|..---|..|``| ---------|..| |..|.....|..|..| |``......|..| |..|.....|..|..| |`..`....|..| |.>|---..|..|..| |..----..|..| |..---|..|..|..----..---|..|..| |..`..|.....|...*.......|.....| |.....|.....|...........|.....| ------------------------------- woodfighter the Cave Woman Experience level: 12 Strength: 25 Dexterity: 18 Constitution: 18 Intelligence: 8 Wisdom: 11 Charisma: 8 Health: 0(87) Energy: 49(49) Def: 21 Gold: 0 Moves: 27802 Dungeon seed: S5Vwbo-A1W-yMHvV Game ID: woodfighter_1500578005 Your Inventory: Weapons a - a blessed rusty +0 orcish spear (weapon in hand) o - 5 +0 orcish spears (in quiver) Armor e - an uncursed +1 cloak of displacement (being worn) r - an uncursed +0 shield of reflection (being worn) A - an uncursed +0 pair of water walking boots F - a blessed thoroughly rusty +2 orcish helm (being worn) N - an uncursed +1 elven mithril-coat (being worn) Q - an uncursed +0 pair of speed boots (being worn) Y - a blessed thoroughly rusty +0 pair of gauntlets of power (being worn) Comestibles c - 4 uncursed food rations Z - an uncursed lizard corpse Rings T - an uncursed ring of searching (on left hand) Wands g - a wand of fire (0:2) n - a wand of digging (0:8) E - a wand of teleportation (0:7) Tools h - an uncursed stethoscope i - an uncursed towel l - a +0 pick-axe q - a -5 unicorn horn s - an uncursed bag of holding u - an uncursed magic lamp (lit) y - an uncursed skeleton key Gems z - an uncursed luckstone Contents of the bag of holding: 830 gold pieces an uncursed +0 mummy wrapping an uncursed apple an uncursed clove of garlic an uncursed cream pie 4 uncursed food rations 3 uncursed fortune cookies an uncursed lichen corpse an uncursed lizard corpse an uncursed pancake 2 uncursed sprigs of wolfsbane 2 uncursed tin [of Uruk-hai meat]'s 2 uncursed tripe rations a [blessed] scroll of blank paper 3 [uncursed] scrolls of blank paper a [uncursed] scroll of gold detection a [uncursed] scroll of scare monster an uncursed ring of conflict an uncursed [+0] unicorn horn Spells and supernatural/magical abilities: Name Level Category Fail Memory s - slow monster 1 enchantment 100% 35% W - pray for help -- divine ? -- Your skills at the end: Miscellaneous Skills bare handed combat [Basic] shield [Basic] stealth [Skilled] Weapon Skills scimitar [Basic] club [Skilled] spear [Skilled] sling [Basic] Spellcasting Skills Final Attributes: You were piously aligned. You were fire resistant. You were cold resistant. You were sleep resistant. You were shock resistant. You were poison resistant. Your writing hand was ok. You saw invisible. You had automatic searching. You had infravision. You were invisible to others. You were displaced. You were stealthy. You were protected. You were very fast. You had reflection. You were lucky. You had extra luck. Bad luck did not time out for you. Good luck did not time out for you. You are dead (2nd time!). Vanquished creatures: Medusa a blue dragon a purple worm 4 minotaurs an Angel a young gray dragon a Nazgul a titanothere a trapper 3 vampire lords a clay golem 2 nurses a lurker above a frost giant a golden naga a vampire a ghost an ettin a lieutenant a mind flayer 3 giant mimics an ogre king 2 rock trolls 2 flesh golems a doppelganger a wumpus 5 stalkers an air elemental 3 fire elementals a water elemental 2 giant mummies an elf-lord 3 giant zombies a sergeant 3 wargs 7 quantum mechanics 8 small mimics an island nymph 2 warhorses 3 xans an ettin mummy 2 trolls a wood golem a large dog a freezing sphere 3 flaming spheres 4 shocking spheres a large cat 2 gargoyles 2 dwarf kings 4 tengu 4 gelatinous cubes 3 ochre jellies 3 crocodiles 4 chameleons 3 leocrottas a mountain centaur 4 giants an elf mummy 2 human mummies 3 red nagas 8 Grey-elves 7 wraiths 3 ettin zombies 2 leather golems 3 soldiers a giant beetle 6 cockatrices 5 wolves 5 winter wolf cubs 3 panthers 2 gremlins 3 leprechauns 3 quivering blobs 7 lizards a mountain nymph 3 mumakil 7 giant spiders a scorpion an iron piercer 4 horses an ice vortex a vampire bat 3 gnome kings an orc mummy 2 ogres 2 brown puddings a Green-elf 5 rust monsters 8 owlbears 6 yetis 3 gold golems 4 werewolves 4 piranhas a neanderthal 3 dogs 2 dingos 3 housecats 3 jaguars 4 dwarf lords a blue jelly 3 water nymphs a white unicorn a gray unicorn 3 dust vortices 36 ravens a plains centaur 2 gnome mummies 3 Woodland-elves a snake 5 apes 6 human zombies 3 rope golems 3 soldier ants 6 fire ants 5 yellow lights 16 bugbears 2 imps 2 quasits 20 Mordor orcs 10 Uruk-hai an orc shaman 2 rock moles 2 rock piercers 4 ponies 3 fog clouds 2 shriekers 2 violet fungi 18 gnome lords 11 gnomish wizards 2 kobold mummies 2 red naga hatchlings a guardian naga hatchling 4 gray oozes 2 barrow wights 4 elf zombies 3 ghouls a straw golem 4 paper golems 14 giant ants 3 puppies 4 floating eyes 4 kittens 24 dwarves 3 homunculi a kobold lord 5 iguanas 6 hill orcs 22 rothes 5 rabid rats a centipede 2 jitterbugs 4 giant bats a monkey 13 orc zombies 4 dwarf zombies a wererat 18 killer bees 9 coyotes 4 gas spores 11 hobbits 4 acid blobs 9 large kobolds 12 geckos 7 hobgoblins 10 giant rats 13 cave spiders 2 brown molds 11 yellow molds 3 green molds 2 red molds 69 gnomes 16 garter snakes 3 manes 2 gnome zombies 9 jackals a fox 3 kobolds 17 newts 4 goblins a sewer rat 10 grid bugs 5 bats 7 lichens 5 kobold zombies 841 creatures vanquished. Voluntary challenges: You had been an atheist until turn 3004. You used a wielded weapon 1933 times, starting on turn 48. You did not use plumbed fixtures. You read items or engraved 8 times, starting on turn 3003. You never genocided any monsters. You polymorphed 1 item, starting on turn 14737. You changed form 1 time, starting on turn 19234. You completed Sokoban on turn 6570, according to the rules. You used no wishes. You never split a pudding. You never wrote Elbereth's name. You never violated your personal moral code. Dungeon overview: The Dungeons of Doom: levels 1 to 29 Level 1 (locked) a fountain a long staircase Level 2 stairs to The Gnomish Mines Level 3 (locked) a fountain Level 4 (vault) a fountain Level 5 a sink Level 6 many fountains Level 7 (vault) stairs to Sokoban Level 8 (vault) a general store, some fountains Level 9 (vault) a general store, a fountain Level 10 a fountain Level 11 Level 12 a fountain Level 13 (vault) portal to The Quest Level 14 (big room) Level 15 a fountain Level 16 a sink Level 17 (rogue) Level 18 a temple to Ishtar Level 19 a fountain Level 20 Level 21 ( ) some fountains Level 22 Level 23 (vault) a fountain Level 24 a fountain, many trees Level 25 Level 26 Level 27 Level 28 Level 29 <- You were here The Gnomish Mines: levels 3 to 11 Level 3 stairs to The Dungeons of Doom Level 4 Level 5 some shops, a temple to Ishtar, a magic chest, some fountains Level 6 Level 7 Level 8 Level 9 Level 10 Level 11 a magic chest, a fountain The Quest: Level 1 a magic chest portal to The Dungeons of Doom Sokoban: levels 3 to 6 Level 3 a magic chest Level 4 Level 5 Level 6 an altar to Moloch, a magic chest stairs to The Dungeons of Doom History has recorded: On T:1 you entered the Dungeons of Doom to retrieve the Amulet of Yendor! On T:206 you reached level 2 of The Dungeons of Doom. On T:451 you reached level 3 of The Dungeons of Doom. On T:690 you reached level 1 of The Gnomish Mines. On T:755 you advanced to experience level 2. On T:941 you reached level 4 of The Dungeons of Doom. On T:1248 you advanced to experience level 3. On T:1375 you reached level 5 of The Dungeons of Doom. On T:1886 you advanced to experience level 4. On T:1900 you reached level 6 of The Dungeons of Doom. On T:2405 you advanced to experience level 5. On T:2517 you reached level 7 of The Dungeons of Doom. On T:2770 you reached level 8 of The Dungeons of Doom. On T:2881 you reached level 4 of Sokoban. On T:3000 you opened a magic chest. On T:3069 you advanced to experience level 6. On T:3459 you reached level 3 of Sokoban. On T:3955 you reached level 2 of Sokoban. On T:4656 you reached level 1 of Sokoban. On T:5664 you advanced to experience level 7. On T:6570 you advanced to experience level 8. On T:6570 you entered the Sokoban zoo. On T:7512 you reached level 2 of The Gnomish Mines. On T:7763 you reached level 3 of The Gnomish Mines. On T:8152 you entered the Minetown temple On T:8384 you reached level 4 of The Gnomish Mines. On T:8635 you reached level 5 of The Gnomish Mines. On T:8857 you advanced to experience level 9. On T:8928 you reached level 6 of The Gnomish Mines. On T:9396 you reached level 7 of The Gnomish Mines. On T:9840 you reached level 8 of The Gnomish Mines. On T:10343 you reached level 9 of The Gnomish Mines. On T:10343 you reached the bottom of the Mines. On T:12088 you reached level 9 of The Dungeons of Doom. On T:12320 you reached level 10 of The Dungeons of Doom. On T:12748 you reached level 11 of The Dungeons of Doom. On T:13032 you reached level 12 of The Dungeons of Doom. On T:13226 you advanced to experience level 10. On T:13318 you reached level 13 of The Dungeons of Doom. On T:13664 you reached level 14 of The Dungeons of Doom. On T:14353 you reached level 15 of The Dungeons of Doom. On T:14923 you advanced to experience level 11. On T:15129 you reached level 16 of The Dungeons of Doom. On T:15265 you reached level 17 of The Dungeons of Doom. On T:15265 you entered the Rogue tribute level. On T:15431 you prayed to Anshar. On T:15581 you reached level 18 of The Dungeons of Doom. On T:15902 you reached level 19 of The Dungeons of Doom. On T:15953 you reached level 20 of The Dungeons of Doom. On T:16434 you reached level 21 of The Dungeons of Doom. On T:16854 you prayed to Anshar. On T:17100 you prayed to Anshar. On T:18333 you reached level 22 of The Dungeons of Doom. On T:18777 you reached level 23 of The Dungeons of Doom. On T:19227 you reached level 24 of The Dungeons of Doom. On T:20114 you reached level 1 of The Quest. On T:22368 you were saved from death by your amulet of life saving! On T:22406 you reached level 25 of The Dungeons of Doom. On T:22411 you killed Medusa on level 25 of The Dungeons of Doom. On T:22712 you advanced to experience level 12. On T:23918 you reached level 26 of The Dungeons of Doom. On T:23979 you prayed to Anshar. On T:24030 you reached level 27 of The Dungeons of Doom. On T:24428 you prayed to Anshar. On T:25971 you reached level 28 of The Dungeons of Doom. On T:26453 you prayed to Anshar. On T:26537 you reached level 29 of The Dungeons of Doom. Score breakdown: Gold: 830 ( 83 points) Experience: 12 levels ( 1100 points) Exploration: 29 levels ( 840 points) Discoveries: 60 items ( 2000 points) Variety of kills: 185 monsters ( 2000 points) Major goal: Sokoban/Mines ( 1500 points) Survival: died (score multiplied by 3) Total score: 22569 Latest messages: You put 830 gold pieces into the bag called holding. You put a scroll called 100er 4 into the bag called holding. With great effort you move the boulder. You stop exploring. The gelatinous cube touches you! You jab the minotaur! The minotaur bumps right into you! The minotaur punches you! (2x) The minotaur misses. You jab the minotaur! The minotaur punches you! (2x) The minotaur just misses! You jab the minotaur! (2x) The minotaur punches you! (2x) The minotaur butts! You jab the minotaur! The minotaur misses. The minotaur punches you! The minotaur misses. You jab the minotaur! (2x) The minotaur punches you! The minotaur misses. (3x) The minotaur punches you! The minotaur butts! You die... Final status: Goodbye woodfighter the Cavewoman, killed by a minotaur... You died in The Dungeons of Doom on dungeon level 29 with 22569 points, and 830 pieces of gold, after 27802 moves. You were level 12 with a maximum of 87 hit points when you died.